Map: Abyssal Reef LE

Players

RiSky

  • Race: Zerg Zerg
  • Spawn Location: 11:00

HateMe - Winner!

  • Race: Zerg Zerg
  • Spawn Location: 5:00

Event: WCS Valencia 2017

VOD

Have the link to the VOD?

Description

Time

  • Played on: July 13, 2017, 6:52 a.m.
  • Length: 15:08

All games in this series

Show
View Real Time Build Order
Export as new Build Order

RiSky Zerg 

Build Orders: Hatch First 

Get SALT Encoding   

  12  0:00  Drone  
  13  0:12  Overlord  
  13  0:17  Drone  
  14  0:30  Drone x2  
  14  0:34  Drone  
  17  0:52  Hatchery  
  17  0:55  Drone  
  17  0:58  Drone  
  18  1:10  Extractor  
  17  1:14  Spawning Pool  
  17  1:17  Drone  
  17  1:20  Drone  
  18  1:27  Drone  
  19  1:38  Overlord  
  19  1:50  Drone  
  20  2:00  Queen  
  20  2:01  Zergling x2  
  23  2:03  Queen  
  23  2:04  Zergling x2  
  26  2:10  Metabolic Boost  
  26  2:12  Drone  
  26  2:15  Drone  
  28  2:22  Drone  
  29  2:25  Drone  
  30  2:32  Zergling x2  
  31  2:39  Hatchery  
  31  2:43  Overlord  
  30  2:47  Drone  
  30  2:49  Drone  
  32  2:53  Drone  
  32  2:57  Drone  
  34  3:05  Drone  
  35  3:08  Baneling Nest, Drone  
  35  3:09  Drone  
  35  3:10  Drone  
  35  3:11  Zergling x2  
  38  3:13  Zergling x2  
  38  3:15  Zergling x2  
  38  3:19  Overlord  
  40  3:23  Drone  
  40  3:24  Drone  
  42  3:27  Drone  
  43  3:36  Drone  
  43  3:40  Drone  
  44  3:42  Drone  
  44  3:48  Drone x4  
  48  3:49  Overlord  
  48  3:51  Baneling x2  
  48  3:53  Drone, Overlord  
  50  3:56  Queen  
  53  4:02  Drone  
  53  4:03  Overlord  
  53  4:17  Drone  
  53  4:21  Extractor, Drone, Roach Warren  
  53  4:22  Extractor, Zergling x6  
  53  4:23  Evolution Chamber  
  50  4:24  Drone  
  50  4:29  Drone  
  52  4:35  Drone  
  52  4:37  Lair  
  53  4:41  Drone  
  55  4:45  Drone  
  55  4:50  Zerg Missile Weapons Level 1  
  55  4:51  Queen, Drone x3  
  60  4:55  Drone  
  60  4:56  Drone x9  
  69  5:04  Overlord  
  69  5:08  Drone x2  
  69  5:10  Baneling x2  
  69  5:11  Queen  
  73  5:15  Overlord  
  73  5:18  Drone x4  
  77  5:21  Drone  
  78  5:30  Extractor  
  78  5:32  Hatchery  
  78  5:33  Drone x2  
  78  5:37  Drone x2  
  78  5:38  Overseer  
  78  5:39  Infestation Pit  
  78  5:41  Drone  
  80  5:43  Extractor  
  80  5:44  Extractor, Drone, Overlord x2  
  80  5:45  Glial Reconstitution  
  80  5:46  Drone  
  80  5:50  Drone  
  80  5:53  Drone  
  82  5:59  Roach x4  
  82  6:02  Roach x4  
  98  6:06  Roach  
  100  6:11  Roach  
  100  6:14  Roach x2  
  100  6:15  Pneumatized Carapace  
  106  6:22  Roach x3  
  106  6:24  Roach  
  114  6:27  Overlord  
  114  6:28  Overlord  
  114  6:31  Overlord  
  114  6:37  Unknown  
  114  6:46  Infestor x3  
  120  6:48  Roach x3  
  120  6:49  Overlord x2  
  120  6:53  Roach  
  128  6:56  Roach x2  
  128  7:00  Roach x5  
  142  7:03  Drone x2  
  142  7:05  Overlord  
  142  7:07  Extractor, Overlord  
  142  7:08  Overlord  
  141  7:13  Roach  
  141  7:14  Drone  
  139  7:16  Drone  
  139  7:19  Roach x2  
  139  7:21  Ravager  
  139  7:22  Burrow, Drone  
  146  7:24  Drone  
  146  7:25  Drone  
  146  7:26  Drone  
  149  7:30  Drone  
  149  7:33  Drone x4  
  149  7:34  Roach x3  
  149  7:35  Roach  
  162  7:38  Roach x3  
  162  7:40  Overlord  
  162  7:44  Extractor, Roach x2  
  172  7:47  Ravager x3  
  172  7:50  Overlord  
  172  7:51  Drone x4  
  168  7:53  Roach  
  173  8:03  Zerg Missile Weapons Level 2  
  173  8:04  Tunneling Claws  
  173  8:07  Roach x5  
  173  8:09  Spine Crawler  
  182  8:19  Roach x3  
  194  8:20  Roach x3  
  194  8:25  Hydralisk Den  
  193  8:33  Spine Crawler  
  192  8:34  Roach x11  
  192  8:40  Roach x4  
  200  8:43  Hive  
  200  9:08  Muscular Augments  
  200  9:20  Hatchery  
  189  9:26  Roach x3  
  191  9:34  Roach x11  
  177  9:38  Roach x5  
  177  9:39  Roach x7  
  177  9:40  Overlord  
  177  9:43  Roach x4  
  192  9:48  Roach  
  182  10:05  Roach x11  
  182  10:06  Roach x3  
  167  10:10  Roach  
  167  10:11  Roach x4  
  167  10:12  Roach  
  160  10:14  Roach  
  160  10:16  Overseer  
  160  10:19  Roach x3  
  160  10:20  Zerg Ground Armor Level 1  
  160  10:24  Roach x5  
  170  10:29  Hatchery, Roach  
  170  10:30  Overseer  
  170  10:35  Hydralisk x2  
  175  10:40  Hydralisk  
  175  10:42  Hydralisk  
  171  10:44  Ravager x3  
  171  10:46  Hydralisk, Roach x6  
  171  10:49  Hydralisk  
  174  10:55  Roach  
  174  10:56  Roach  
  174  10:57  Roach  
  180  11:04  Roach x4  
  180  11:08  Roach  
  184  11:14  Roach  
  184  11:17  Overlord  
  184  11:19  Overlord  
  184  11:24  Roach x5, Overlord  
  184  11:26  Infestor  
  184  11:27  Infestor  
  186  11:33  Overlord  
  184  11:41  Roach x8  
  200  12:00  Overseer  
  181  12:14  Zerg Missile Weapons Level 3  
  159  12:15  Roach  
  159  12:16  Roach x14  
  159  12:17  Ravager  
  186  12:23  Spore Crawler  
  186  12:24  Roach  
  186  12:25  Roach x3  
  186  12:27  Roach x3  
  195  12:34  Roach x2  
  195  12:36  Ravager  
  195  12:52  Drone x4  
  195  12:53  Roach x3, Drone x2  
  200  13:02  Hatchery  
  199  13:16  Ravager  
  199  13:18  Roach x3  
  199  13:19  Roach x8  
  200  13:20  Roach x7  
  200  13:21  Roach  
  200  13:30  Spine Crawler  
  199  13:37  Roach x12  
  194  13:54  Roach x9  
  129  14:08  Roach x21  
  133  14:12  Roach x4  
  133  14:15  Roach x3  
  141  14:18  Roach x4  
  141  14:20  Roach  
  151  14:26  Roach  
  150  14:33  Overseer x3  
  150  14:39  Ravager x2  
  150  14:40  Ravager  
  150  14:45  Ravager x3  
Show
View Real Time Build Order
Export as new Build Order

HateMe Zerg - Winner!

Build Orders: Hatch First 

Get SALT Encoding   

  12  0:02  Drone  
  13  0:13  Overlord  
  13  0:17  Drone  
  14  0:31  Drone x2  
  16  0:36  Drone  
  17  0:52  Hatchery  
  17  0:56  Drone  
  17  0:58  Drone  
  17  1:02  Extractor  
  17  1:14  Spawning Pool  
  17  1:17  Drone  
  17  1:21  Drone  
  18  1:29  Drone  
  19  1:39  Overlord  
  19  2:00  Queen  
  19  2:01  Zergling x4  
  23  2:02  Metabolic Boost  
  23  2:04  Queen  
  25  2:09  Zergling x2  
  25  2:13  Drone  
  25  2:15  Drone  
  28  2:22  Drone  
  29  2:26  Drone  
  30  2:35  Drone  
  31  2:44  Hatchery  
  31  2:46  Drone  
  31  2:56  Baneling Nest  
  31  2:57  Drone x2  
  32  3:06  Zergling x4  
  32  3:08  Drone  
  32  3:10  Drone  
  36  3:15  Overlord  
  36  3:25  Overlord  
  36  3:37  Queen  
  36  3:38  Drone x5  
  36  3:39  Baneling x2  
  42  3:43  Drone  
  42  3:44  Drone  
  45  3:48  Zergling x4  
  45  3:52  Baneling x2  
  45  3:54  Drone  
  45  3:55  Drone  
  48  3:58  Drone x2  
  48  4:00  Drone  
  51  4:05  Drone  
  51  4:09  Evolution Chamber, Drone  
  52  4:16  Drone  
  52  4:17  Drone x3  
  56  4:21  Extractor  
  52  4:24  Lair  
  52  4:28  Queen  
  55  4:31  Drone x4  
  55  4:34  Zerg Missile Weapons Level 1  
  58  4:44  Roach Warren, Overlord  
  57  4:51  Drone  
  57  4:52  Overlord  
  58  5:04  Drone x6  
  58  5:05  Drone x2  
  65  5:07  Overlord  
  65  5:09  Drone  
  65  5:12  Drone x4  
  70  5:16  Extractor  
  70  5:17  Extractor  
  70  5:18  Extractor x2  
  70  5:21  Overlord  
  66  5:24  Glial Reconstitution  
  66  5:32  Roach x8  
  81  5:45  Hatchery  
  81  5:47  Overlord  
  80  5:50  Drone  
  80  5:51  Drone x5  
  80  5:55  Drone x3  
  89  5:57  Unknown  
  89  6:00  Infestation Pit  
  88  6:06  Drone x2  
  88  6:07  Drone  
  88  6:09  Drone  
  88  6:10  Overlord  
  94  6:11  Roach x2  
  94  6:13  Pneumatized Carapace  
  94  6:14  Overseer  
  94  6:16  Overlord  
  96  6:21  Overlord x2  
  96  6:29  Overlord  
  96  6:34  Overlord x2  
  96  6:36  Roach x4  
  96  6:39  Extractor, Roach  
  109  6:40  Roach x2  
  109  6:41  Roach  
  109  6:44  Baneling x2  
  109  6:45  Overlord  
  111  6:47  Zerg Missile Weapons Level 2  
  111  6:48  Infestor  
  111  6:51  Infestor  
  115  6:56  Infestor  
  115  7:00  Unknown  
  117  7:01  Infestor  
  117  7:02  Extractor  
  117  7:03  Drone x3  
  117  7:06  Drone  
  117  7:07  Drone x5  
  127  7:13  Roach x3  
  127  7:15  Roach  
  134  7:17  Baneling x2  
  134  7:18  Overlord  
  134  7:22  Burrow  
  134  7:23  Roach x2  
  134  7:26  Roach  
  140  7:30  Roach x3  
  140  7:33  Overlord  
  140  7:35  Roach  
  148  7:38  Ravager x3  
  148  7:39  Ravager  
  148  7:40  Roach  
  148  7:41  Roach  
  156  7:46  Roach  
  156  7:47  Roach  
  159  7:51  Queen  
  159  7:52  Overlord  
  159  7:53  Overlord x2  
  161  8:01  Overseer, Tunneling Claws  
  161  8:04  Roach Warren, Roach x3  
  166  8:13  Roach  
  166  8:14  Roach x4  
  166  8:17  Overseer  
  176  8:23  Ravager  
  176  8:24  Ravager x5  
  182  8:29  Overlord x2  
  182  8:40  Roach x4  
  190  8:42  Overseer  
  190  8:45  Spine Crawler  
  190  8:47  Spine Crawler  
  188  8:51  Drone x2  
  188  8:52  Roach, Drone  
  188  8:53  Roach  
  188  8:55  Hive  
  195  8:57  Evolution Chamber, Roach x2  
  198  9:04  Zerg Ground Armor Level 1  
  194  9:26  Roach  
  194  9:27  Roach  
  176  9:39  Roach  
  176  9:40  Roach x15  
  200  9:54  Hatchery  
  199  10:06  Zerg Missile Weapons Level 3  
  199  10:07  Pathogen Glands  
  171  10:17  Roach  
  171  10:18  Roach x13  
  193  10:37  Roach x2  
  193  10:38  Roach x2  
  193  10:39  Drone x11  
  193  10:40  Overseer, Ravager  
  193  10:41  Overseer  
  197  10:50  Drone x20  
  197  10:54  Infestor x2  
  199  10:58  Drone x12  
  196  11:32  Drone x4  
  200  11:35  Roach x2  
  200  11:39  Spire  
  197  11:41  Zerg Ground Armor Level 2, Roach x5  
  197  11:46  Drone x3  
  200  11:59  Roach x2  
  185  12:08  Roach  
  185  12:09  Roach  
  185  12:12  Roach x2  
  185  12:13  Roach x20  
  193  12:19  Roach x3, Drone x14  
  191  12:24  Roach x2  
  191  12:25  Roach x2  
  191  12:27  Infestor x4  
  197  12:32  Spine Crawler  
  197  12:33  Spine Crawler  
  195  12:37  Infestor  
  195  12:49  Spine Crawler  
  190  12:52  Spine Crawler  
  190  12:55  Greater Spire, Spine Crawler  
  190  12:57  Ravager x12  
  196  13:04  Drone x4  
  200  13:11  Extractor  
  199  13:12  Extractor  
  199  13:14  Roach x5  
  198  13:27  Roach x2  
  198  13:28  Roach x2  
  194  13:35  Roach x2  
  194  13:37  Overlord  
  183  13:56  Roach x3  
  183  13:57  Roach x6  
  183  14:06  Roach x4  
  183  14:07  Roach x6  
  183  14:09  Infestor x2  
  197  14:19  Roach x4  
  197  14:21  Corruptor  
  197  14:23  Roach x13  
  199  14:33  Ravager  
  200  14:40  Roach x9  
Tags
 
Add a new tag
Caveats
  • Supply blocks, unpowered buildings, or Contaminate may cause inaccurate times.
  • Supply counts are checked every 10 seconds.